 Dungeon Crawl Stone Soup version 0.18.1-50-g88ac8fd (webtiles) character file.

1018 Nahar the Magician (level 8, -4/43 HPs)
             Began as a Deep Elf Ice Elementalist on Oct 23, 2016.
             Killed from afar by Dowan (16 damage)
             ... with a stone arrow
             ... on level 5 of the Dungeon on Oct 24, 2016.
             The game lasted 00:31:22 (5403 turns).

Nahar the Magician (Deep Elf Ice Elementalist)      Turns: 5403, Time: 00:31:23

Health: -4/43      AC:  2    Str:  5    XL:     8   Next: 2%
Magic:  2/20       EV: 18    Int: 23    God:
Gold:   249        SH:  0    Dex: 15    Spells: 5 memorised, 7 levels left

rFire  + . .     SeeInvis .     c - +2 hunting sling (evade)
rCold  . . .     Gourm    .     o - +0 robe {rF+}
rNeg   . . .     Faith    .     (no shield)
rPois  .         Spirit   .     (no helmet)
rElec  .         Dismiss  .     (no cloak)
rCorr  .         Reflect  .     (no gloves)
SustAt .         Harm     .     (no boots)
MR     .....                    (no amulet)
Stlth  ++........               (no ring)
                                (no ring)

@: not resistant to hostile enchantments, unstealthy
A: no striking features
a: no special abilities


You were on level 5 of the Dungeon.
You were hungry.

You visited 1 branch of the dungeon, and saw 5 of its levels.
You also visited: Sewer.

You collected 249 gold pieces.

Inventory:

Hand Weapons
 c - a +2 hunting sling of evasion (weapon)
 f - a +1 club
Missiles
 h - 150 stones (quivered)
Armour
 o - a +0 robe of fire resistance (worn)
Scrolls
 k - a scroll of identify
 l - a scroll of remove curse
 q - 4 scrolls of blinking
Potions
 d - a potion of lignification {unknown}
 e - a potion of haste {unknown}
 j - a potion of agility
 p - a potion of berserk rage {unknown}
 r - a potion of might {unknown}
 s - a potion of beneficial mutation {unknown}
 t - 2 potions of flight {unknown}
 u - a potion of cure mutation {unknown}
 v - a potion of mutation {unknown}
Books
 b - a book of Frost

   Spells                             Type                      Level
   a - Freeze                         Ice                          1
   b - Throw Frost                    Conjuration/Ice              2
   c - Ozocubu's Armour               Charms/Ice                   3
   d - Throw Icicle                   Conjuration/Ice              4
   e - Summon Ice Beast               Ice/Summoning                4
Comestibles
 a - a bread ration
 g - a meat ration
 m - a beef jerky
 n - a slice of pizza


   Skills:
 + Level 1.0 Fighting
 - Level 1.5 Maces & Flails
 * Level 2.0(2.1) Slings
 + Level 0.2(1.5) Throwing
 + Level 3.3 Dodging
 + Level 3.4 Stealth
 * Level 7.0 Spellcasting
 * Level 2.8 Conjurations
 * Level 6.9 Ice Magic


You had 7 spell levels left.
You knew the following spells:

 Your Spells              Type           Power        Failure   Level  Hunger
a - Freeze                Ice            ####         1%          1    None
b - Throw Frost           Conj/Ice       ####..       1%          2    None
c - Ozocubu's Armour      Chrm/Ice       ###.....     8%          3    None
d - Throw Icicle          Conj/Ice       ####....     12%         4    ###....
e - Summon Ice Beast      Ice/Summ       ###.....     21%         4    ###....


Dungeon Overview and Level Annotations

Branches:
Dungeon (5/15)
 Temple: D:4-7

Altars:
Qazlal

Annotations:
D:5 Dowan


Message History

Press: ? - help, Shift-Dir - straight line, f/p - Dowan
Aim: Dowan, wielding a dagger and wearing a robe (moderately wounded, fast)
You shoot a stone. The stone closely misses Dowan.
Dowan hits you but does no damage. Dowan misses you.
Firing (i - inventory):
h - 152 stones (quivered)
Press: ? - help, Shift-Dir - straight line, f/p - Dowan
Aim: Dowan, wielding a dagger and wearing a robe (moderately wounded, fast)
You shoot a stone. The stone barely misses Dowan.
Dowan barely misses you. Dowan hits you with a dagger.
Firing (i - inventory):
h - 151 stones (quivered)
Press: ? - help, Shift-Dir - straight line, f/p - Dowan
Aim: Dowan, wielding a dagger and wearing a robe (moderately wounded, fast)
You shoot a stone. The stone hits Dowan.
Dowan is moderately wounded.
Dowan gestures at you while chanting. The shard of ice hits you!
* * * LOW HITPOINT WARNING * * *
Dowan points at you and mumbles some strange words.
The stone arrow hits you!
You die...

###.## #.......... #..#
#.?........ ###..#
#.......... .....###
##.......... ..###..##
#...)....... .. ##..###
###.....>†.... ..
###..###
#####(....(....... ..
###..###.#.(##...........
..
###(...@e###...........
.. #.....### #...........
.. ##....# ##..........
##..## ###.......# ##.#
######### #.# #.# #.#


You could see Dowan.

Vanquished Creatures
  Duvessa (D:5)
  2 ogres (D:4)
  A centaur (D:4)
  A giant frog (Sewer)
  2 howler monkeys
  An orc priest (D:4)
  An orc wizard (D:4)
  2 worker ants
  A hound skeleton (D:5)
  10 adders
  4 gnolls (D:3)
  A river rat (D:3)
  15 oozes
  5 worms
  4 dart slugs
  11 giant geckos
  8 orcs
  9 giant cockroaches
  2 goblins
  6 hobgoblins
  8 jackals (D:4)
  13 ball pythons
  A ball python skeleton (D:5)
  5 bats
  24 giant newts
  5 kobolds
  7 rats
150 creatures vanquished.

Vanquished Creatures (collateral kills)
  A giant frog (Sewer)
  A giant frog zombie (D:4)
  A giant gecko (Sewer)
3 creatures vanquished.

Grand Total: 153 creatures vanquished

Notes
Turn   | Place    | Note
--------------------------------------------------------------
     0 | D:1      | Nahar the Deep Elf Ice Elementalist began the quest for the Orb.
     0 | D:1      | Reached XP level 1. HP: 10/10 MP: 6/6
   595 | D:1      | Reached XP level 2. HP: 14/15 MP: 8/8
   827 | D:1      | Learned a level 2 spell: Throw Frost
  1294 | D:2      | Reached XP level 3. HP: 19/19 MP: 10/10
  1299 | D:2      | Learned a level 3 spell: Ozocubu's Armour
  1572 | D:2      | Reached skill level 4 in Spellcasting
  1659 | D:2      | Found a stormy altar of Qazlal.
  1773 | D:2      | Reached XP level 4. HP: 20/24 MP: 9/12
  2188 | D:2      | Learned a level 3 spell: Ozocubu's Armour
  2193 | D:2      | Learned a level 4 spell: Throw Icicle
  2483 | D:3      | Reached XP level 5. HP: 23/28 MP: 1/13
  2547 | D:3      | Found a glowing drain.
  2599 | Sewer    | Entered a sewer
  2657 | Sewer    | Reached skill level 1 in Maces & Flails
  2714 | Sewer    | Reached skill level 5 in Ice Magic
  2866 | Sewer    | Reached skill level 5 in Spellcasting
  3144 | Sewer    | Reached XP level 6. HP: 33/33 MP: 8/15
  3306 | Sewer    | Learned a level 4 spell: Summon Ice Beast
  4323 | D:4      | Reached skill level 6 in Spellcasting
  4323 | D:4      | Reached XP level 7. HP: 37/37 MP: 7/18
  4329 | D:4      | Reached skill level 1 in Slings
  5217 | D:5      | Entered Level 5 of the Dungeon
  5370 | D:5      | Noticed Duvessa
  5379 | D:5      | Noticed Dowan
  5385 | D:5      | Killed Duvessa
  5395 | D:5      | Reached skill level 1 in Fighting
  5395 | D:5      | Reached skill level 7 in Spellcasting
  5395 | D:5      | Reached XP level 8. HP: 32/43 MP: 0/20
  5403 | D:5      | Killed from afar by Dowan

Skill      XL: |  1  2  3  4  5  6  7 |
---------------+----------------------+-----
Ice Magic      | 4 5 6 |  6.9
Spellcasting   | 4 5 6 7 |  7.0
Maces & Flails | 1 |  1.5
Stealth        | 3 |  3.4
Slings         | 2 |  2.0
Conjurations   | 2 |  2.8
Dodging        | 3 |  3.3
Fighting       | 1 |  1.0
Throwing       | |  0.2

Action                   |  1- 3 |  4- 6 |  7- 9 || total
-------------------------+-------+-------+-------++-------
Melee: Club              |    30 |    38 |       ||    68
       Hunting sling     |       |       |    24 ||    24
 Fire: Hunting sling     |       |     6 |    52 ||    58
Throw: Stone             |     5 |       |       ||     5
 Cast: Freeze            |    50 |   118 |    30 ||   198
       Throw Frost       |       |    38 |    28 ||    66
       Summon Ice Beast  |       |     1 |     1 ||     2
       Throw Icicle      |       |       |     3 ||     3
  Use: Scroll            |     7 |     5 |     2 ||    14
       Potion            |       |       |     6 ||     6
 Stab: Sleeping          |     1 |       |       ||     1
  Eat: Bread ration      |     1 |       |       ||     1
       Meat ration       |       |     2 |       ||     2
Armor: Robe              |    14 |    21 |     7 ||    42
Dodge: Dodged            |    47 |    83 |   109 ||   239
